[Event "*** Titled Tuesday Blitz"]
[Site "Chess.com"]
[Date "2020.05.19"]
[Round "8"]
[White "Incognito2525"]
[Black "Char_dasha"]
[Result "1-0"]
[WhiteElo "2501"]
[BlackElo "2347"]
[TimeControl "180+1"]
[EndTime "13:35:07 PDT"]
[Termination "Incognito2525 won by resignation"]

1. e4 d6 2. d4 Nf6 3. Nc3 g6 4. Nf3 Bg7 5. Bc4 O-O 6. Qe2 a6 7. e5 Ne8 8. e6 f6 9. h4 h6 10.
Bd3 f5 11. h5 g5 12. Nxg5 hxg5 13. Bxg5 d5 14. h6 Bf6 15. Qh5 Bxe6 16. Bxf6 Rxf6 17. O-O-O Nd7 18. Rde1 Nf8 19. Re5 Qd6 20. Rhe1 Bf7 21.
Qg5+ Rg6 22. Qxf5 e6 23. Qf4 Rf6 24. Qg5+ Kh8 25. R1e3 Ng6 26. Rg3 Nxe5 27. dxe5 Qf8 28. exf6 Nd6 29. Qg7+ 1-0

[Event "*** Titled Tuesday Blitz"]
[Site "Chess.com"]
[Date "2020.05.19"]
[Round "8"]
[White "KanseiMigatte"]
[Black "peixe64"]
[Result "1-0"]
[WhiteElo "2395"]
[BlackElo "2242"]
[TimeControl "180+1"]
[EndTime "13:35:07 PDT"]
[Termination "KanseiMigatte won by resignation"]

1. d4 Nf6 2. c4 g6 3. Nc3 d5 4.
cxd5 Nxd5 5. e4 Nxc3 6. bxc3 Bg7 7. h3 O-O 8. Nf3 c5 9. Be3 Nc6 10. Be2 e6 11. O-O b6 12. Rc1 Bb7 13. d5 Ne5 14.
c4 Nxf3+ 15. Bxf3 exd5 16. exd5 Qd6 17. Qd2 Be5 18. Rfe1 Rfe8 19. a4 f6 20. Rb1 Re7 21. Rec1 a5 22. Qc2 Bc8 23. Qb3 Rb8 24. Qb5 Bf5 25. Rb3 g5 26. Bg4 Bxg4 27. hxg4 h5 28. gxh5 Rh7 29. Qc6 Rxh5 30. Qxd6 Bxd6 31. Rcb1 Bh2+ 32.
Kf1 f5 33. Rxb6 Re8 34. Rg6+ Kh7 35. Rxg5 Rh4 36. Rb7+ Kh8 37. Rxf5 Rxc4 38. Rh5+ Kg8 39. Rxh2 Rc2 40. Rhh7 c4 41. Rbg7+ Kf8 42. Bc5+ 1-0

[Event "*** Titled Tuesday Blitz"]
[Site "Chess.com"]
[Date "2020.05.19"]
[Round "8"]
[White "Kapibara_Warri0r"]
[Black "Playgood28"]
[Result "0-1"]
[WhiteElo "2080"]
[BlackElo "2281"]
[TimeControl "180+1"]
[EndTime "13:35:07 PDT"]
[Termination "Playgood28 won by resignation"]

1. e4 e5 2. Nf3 d6 3. d4 exd4 4. Nxd4 Nf6 5. Nc3 Be7 6. Bc4 O-O 7. O-O Nxe4 8. Nxe4 d5 9. Bd3 dxe4 10. Bxe4 Re8 11. Be3 Bf6 12. Bd3 Nd7 13. Nf5 Ne5 14. Qh5 Nxd3 15. cxd3 g6 16. Nh6+ Kg7 17. Qf3 Be6 18.
d4 Qd5 19. Qxd5 Bxd5 20. Ng4 Be7 21. Bh6+ Kg8 22. Ne5 f6 23. Nd3 Bc4 24. Rfd1 Bxd3 25. Rd2 0-1

[Event "*** Titled Tuesday Blitz"]
[Site "Chess.com"]
[Date "2020.05.19"]
[Round "8"]
[White "H3nriqueTV"]
[Black "Sesleria"]
[Result "1-0"]
[WhiteElo "2092"]
[BlackElo "1925"]
[TimeControl "180+1"]
[EndTime "13:35:07 PDT"]
[Termination "H3nriqueTV won by checkmate"]

1. e4 e5 2. Nf3 Nc6 3. Bc4 Nf6 4. d3 Be7 5. c3 d6 6. O-O O-O 7. h3 Qd7 8. Nbd2 Na5 9. Bb3 Nxb3 10. axb3 Ne8 11. Re1 f5 12. exf5 Qxf5 13. Ne4 Qg6 14. Ng3 Bd7 15. d4 Bc6 16. dxe5 Bxf3 17. gxf3 dxe5 18. Qd5+ Kh8 19. Qxe5 Bd6 20. Qe6 Qd3 21. Be3 Bxg3 22. fxg3 Rxf3 23. Kg2 Rf6 24. Qe7 Qd5+ 25. Kh2 Re6 26. Qf8# 1-0

[Event "*** Titled Tuesday Blitz"]
[Site "Chess.com"]
[Date "2020.05.19"]
[Round "8"]
[White "RobertoJBM"]
[Black "Elbek_Jumanov"]
[Result "0-1"]
[WhiteElo "2610"]
[BlackElo "2435"]
[TimeControl "180+1"]
[EndTime "13:35:09 PDT"]
[Termination "Elbek_Jumanov won by resignation"]

1. d4 Nf6 2. c4 c5 3. d5 b5 4.
cxb5 a6 5. f3 axb5 6. e4 d6 7.
Bxb5+ Nbd7 8. Nc3 Ba6 9. Nge2 Bxb5 10. Nxb5 g6 11. O-O Bg7 12. Nec3 O-O 13. a4 Qa5 14. Be3 Rfb8 15. Qc2 Ne8 16. Ra3 Nc7 17. Rfa1 Na6 18.
Qd2 Nb4 19. f4 Nb6 20. b3 c4 21. Bd4 cxb3 22. Rxb3 Nc4 23. Qd1 Bxd4+ 24. Nxd4 Qc5 25. Nb5 Rxb5 26. axb5 Rxa1 27. Qxa1 Nc2 0-1

[Event "*** Titled Tuesday Blitz"]
[Site "Chess.com"]
[Date "2020.05.19"]
[Round "8"]
[White "Alomaterapia"]
[Black "WanderingPuppet"]
[Result "1-0"]
[WhiteElo "2544"]
[BlackElo "2339"]
[TimeControl "180+1"]
[EndTime "13:35:12 PDT"]
[Termination "Alomaterapia won by checkmate"]

1. d4 Nf6 2. c4 g6 3. Nc3 Bg7 4. e4 O-O 5. h3 d6 6. Be3 a6 7.
Nf3 c6 8. c5 Nbd7 9. Be2 b5 10.
cxb6 Qxb6 11. Qd2 Rb8 12. Rb1 c5 13. O-O Bb7 14. e5 Ne4 15. Qc2 Nxc3 16. bxc3 Qc6 17. exd6 exd6 18. Rfd1 cxd4 19. Bxd4 Bxd4 20. Rxd4 Ne5 21.
Rbd1 Rfc8 22. Rxd6 Nxf3+ 23. Bxf3 Qxc3 24. Rd8+ Kg7 25. Qxc3+ Rxc3 26. Rxb8 Bxf3 27. gxf3 Rxf3 28. Kg2 Ra3 29.
Rd2 a5 30. Rb7 a4 31. Rdd7 Rxa2 32. Rxf7+ Kh6 33. Rxh7+ Kg5 34. Rb5+ Kf4 35. Rh4# 1-0

[Event "*** Titled Tuesday Blitz"]
[Site "Chess.com"]
[Date "2020.05.19"]
[Round "8"]
[White "GMBenjaminFinegold"]
[Black "GMCarbone"]
[Result "1-0"]
[WhiteElo "2544"]
[BlackElo "2344"]
[TimeControl "180+1"]
[EndTime "13:35:13 PDT"]
[Termination "GMBenjaminFinegold won by resignation"]

1. d4 Nf6 2. c4 g6 3. Nc3 d5 4. e3 Bg7 5. Qb3 dxc4 6. Bxc4 O-O 7. Nf3 Nc6 8. Be2 Na5 9. Qc2 Bf5 10. e4 Bg4 11.
Be3 Nc6 12. Rd1 e6 13. O-O Qe7 14. a3 Rfd8 15. h3 Bxf3 16. Bxf3 Nd7 17. e5 Nb6 18. Bxc6 bxc6 19. Ne4 Nd5 20. Bg5 f6 21. exf6 Nxf6 22. Nxf6+ Bxf6 23. Bxf6 Qxf6 24. Qxc6 Rab8 25. b4 Qe7 26.
Rfe1 Rd6 27. Qc5 Rf8 28. Qxa7 Qf6 29. Re2 e5 30. Qxc7 exd4 31. Rd3 Rc6 32. Qe5 Rc1+ 33. Kh2 Qxe5+ 34. Rxe5 Rxf2 35. Rxd4 Rcc2 36. Rg4 Ra2 37. Rg3 Kg7 38. Ree3 h5 39. Rb3 h4 40. Rg4 Kf6 41.
b5 g5 42. b6 Rab2 43. Rxb2 Rxb2 44. Rb4 Rd2 45. b7 g4 46. hxg4 1-0

[Event "*** Titled Tuesday Blitz"]
[Site "Chess.com"]
[Date "2020.05.19"]
[Round "8"]
[White "AsaHoffmann"]
[Black "SamuelGhimpu2003"]
[Result "0-1"]
[WhiteElo "2414"]
[BlackElo "2606"]
[TimeControl "180+1"]
[EndTime "13:35:14 PDT"]
[Termination "SamuelGhimpu2003 won by resignation"]

1. d4 Nf6 2. Bg5 d5 3. Nd2 e6 4.
e3 c5 5. c3 Nbd7 6. f4 Bd6 7.
Ngf3 Qb6 8. Rb1 h6 9. Bh4 cxd4 10. cxd4 Ne4 11. Nxe4 dxe4 12. Nd2 Bb4 13. a3 Bxd2+ 14. Qxd2 O-O 15. Be2 Qd6 16. O-O Nb6 17. Qa5 Nd5 18. Qd2 Bd7 19. Rbc1 Rfc8 20. Bg3 f5 21. Bc4 Nb6 22.
Be2 Nd5 23. Bc4 Rxc4 24. Rxc4 Bb5 25. Rfc1 Bxc4 26. Rxc4 Nb6 27. Rc5 Rc8 28. Qc2 Rxc5 29. dxc5 Qd3 30. Qxd3 exd3 31. Be1 Nc4 32. Kf2 d2 33.
Bxd2 Nxd2 34. Ke2 Nb3 35. Kd3 Nxc5+ 36. Kd4 Nd7 0-1

[Event "*** Titled Tuesday Blitz"]
[Site "Chess.com"]
[Date "2020.05.19"]
[Round "8"]
[White "Rozum_Ivan"]
[Black "InitiatingASC"]
[Result "1-0"]
[WhiteElo "2604"]
[BlackElo "2377"]
[TimeControl "180+1"]
[EndTime "13:35:14 PDT"]
[Termination "Rozum_Ivan won by resignation"]

1. d4 Nf6 2. Nf3 b6 3. c4 e6 4. Nc3 d5 5. cxd5 exd5 6. Bf4 Bd6 7. Bg3 O-O 8. e3 a6 9. Bd3 Bb7 10. O-O Re8 11. Bxd6 Qxd6 12. Rc1 Nbd7 13. Qb3 Rad8 14.
Rfd1 Ne4 15. Nxe4 dxe4 16. Ng5 exd3 17. Qxf7+ Kh8 18. Qxe8+ Rxe8 19. Nf7+ Kg8 20. Nxd6 cxd6 21. Rc7 Rc8 22. Rxb7 Nf6 23. f3 Rc2 24. Rxb6 d2 25. Kf2 Nd5 26. Rb7 a5 27. a3 g5 28. Ke2 g4 29. fxg4 Rc1 30. Kxd2 Rc8 31. Rf1 1-0

[Event "*** Titled Tuesday Blitz"]
[Site "Chess.com"]
[Date "2020.05.19"]
[Round "8"]
[White "barbara25"]
[Black "MF1966Idrisov"]
[Result "1-0"]
[WhiteElo "2199"]
[BlackElo "2309"]
[TimeControl "180+1"]
[EndTime "13:35:14 PDT"]
[Termination "barbara25 won by resignation"]

1. e4 d5 2. exd5 Qxd5 3. Nf3 a6 4. Be2 Nf6 5. d4 Bg4 6. c4 Qd6 7. Nc3 e6 8. h3 Bh5 9. O-O Be7 10. c5 Qd8 11.
Be3 O-O 12. Ne5 Bxe2 13. Qxe2 Nd5 14. Nxd5 Qxd5 15. a3 Nc6 16. Nxc6 Qxc6 17. b4 Rad8 18. Rad1 Bf6 19. Qc4 Rd5 20. a4 Qxa4 21. f4 Rfd8 22. Rd2 h6 23. Rfd1 Ra8 24. Kf2 b5 25. Qc3 a5 26.
Ra1 axb4 27. Rxa4 Rxa4 28. Qb3 c6 29. Ra2 Rd8 30. Rxa4 bxa4 31. Qxa4 Rb8 32. Qa7 Rd8 33. Qb6 Ra8 34. Qxb4 Ra2+ 35. Kf3 g5 36. fxg5 hxg5 37. Qb7 Ra3 38. Qd7 Kg7 39. g3 Kg6 40. Qxc6 1-0

[Event "*** Titled Tuesday Blitz"]
[Site "Chess.com"]
[Date "2020.05.19"]
[Round "8"]
[White "GadimbayliA"]
[Black "GjakanTati"]
[Result "0-1"]
[WhiteElo "2819"]
[BlackElo "2645"]
[TimeControl "180+1"]
[EndTime "13:35:15 PDT"]
[Termination "GjakanTati won by resignation"]

1. e4 d6 2. d4 Nf6 3. Nc3 g6 4. Nf3 Bg7 5. Be2 O-O 6. O-O e5 7. dxe5 dxe5 8. Qxd8 Rxd8 9. Nxe5 Nxe4 10. Nxe4 Bxe5 11. Bg5 Re8 12. Rfe1 Bxb2 13. Nf6+ Bxf6 14. Bxf6 Bf5 15. Bb5 Nd7 16. Bxd7 Bxd7 17. f3 Be6 18. Kf2 a5 19. a3 Ra6 20. Rab1 Rb8 21. g4 Rc6 22. c3 Rc4 23. g5 Ra4 24. Red1 b6 25. Rd3 Bf5 26. Rbd1 Bxd3 27. Rxd3 Rxa3 28. h4 Ra2+ 29.
Kg3 a4 30. h5 gxh5 31. Rd7 Rc8 32. c4 Rc2 0-1

[Event "*** Titled Tuesday Blitz"]
[Site "Chess.com"]
[Date "2020.05.19"]
[Round "8"]
[White "Mikhail_Golubev"]
[Black "SaqoChess_Twitch"]
[Result "0-1"]
[WhiteElo "2540"]
[BlackElo "2416"]
[TimeControl "180+1"]
[EndTime "13:35:15 PDT"]
[Termination "SaqoChess_Twitch won on time"]

1. e4 c5 2. Nf3 d6 3. d4 cxd4 4. Nxd4 Nf6 5. Nc3 g6 6. Be3 Bg7 7. f3 O-O 8. Qd2 Nc6 9. O-O-O d5 10. Kb1 e5 11. Nxc6 bxc6 12. exd5 Nxd5 13. Nxd5 cxd5 14. Qxd5 Qc7 15. Qxa8 Bf5 16. Qd5 Qxc2+ 17. Ka1 e4 18. Qb3 Bxb2+ 19. Qxb2 Qxd1+ 20. Qc1 Qd6 21. Bc4 exf3 22. Rd1 Qxh2 23. gxf3 Rc8 24. Bh6 Be6 25. Qg5 Re8 26. Bxe6 fxe6 0-1

[Event "*** Titled Tuesday Blitz"]
[Site "Chess.com"]
[Date "2020.05.19"]
[Round "8"]
[White "floplover"]
[Black "SergioGarciaFuentes"]
[Result "1-0"]
[WhiteElo "2301"]
[BlackElo "2117"]
[TimeControl "180+1"]
[EndTime "13:35:17 PDT"]
[Termination "floplover won by resignation"]

1. d4 d5 2. c4 c6 3. Nc3 Nf6 4. Nf3 a6 5. a4 g6 6. e3 Bg7 7. Be2 O-O 8. O-O a5 9. Ne5 Na6 10. Qb3 Nb4 11. Na2 Na6 12. Bd2 c5 13.
Bf3 Ne4 14. Rfd1 Nxd2 15. Rxd2 cxd4 16. exd4 dxc4 17. Nxc4 Bxd4 18. Rad1 e5 19. Nxe5 Be6 20. Qxb7 Bxe5 21. Rxd8 Raxd8 22. Rxd8 Rxd8 23. Qxa6 Bxa2 24. Qxa5 Bxb2 25. Qxd8+ 1-0

[Event "*** Titled Tuesday Blitz"]
[Site "Chess.com"]
[Date "2020.05.19"]
[Round "8"]
[White "oykuince"]
[Black "BikingBrian"]
[Result "1-0"]
[WhiteElo "2022"]
[BlackElo "2236"]
[TimeControl "180+1"]
[EndTime "13:35:19 PDT"]
[Termination "oykuince won by resignation"]

1. e4 c5 2. Nf3 g6 3. d4 cxd4 4. Qxd4 Nf6 5. e5 Nc6 6. Qa4 Nd5 7. Qb3 Nc7 8. Bc4 Ne6 9. Bxe6 dxe6 10. Bf4 Bg7 11. O-O O-O 12. Nc3 Qc7 13. Rfe1 a6 14. a4 Rd8 15. a5 Nd4 16. Nxd4 Rxd4 17. Bg3 Bd7 18. Rad1 Rxd1 19. Rxd1 Bc6 20. Qb6 Qxb6 21.
axb6 Rc8 22. Ne2 Bb5 23. Nd4 Ba4 24. b3 Be8 25. c4 Rd8 26. f4 f6 27. Kf2 fxe5 28.
fxe5 Bf7 29. Ke2 Kf8 30. Nxe6+ Bxe6 31. Rxd8+ Kf7 32. Rb8 Bg4+ 33. Ke3 Bd1 34. Rxb7 Bxb3 35. Rc7 Ke6 36. b7 Bh6+ 37. Kd3 1-0

[Event "*** Titled Tuesday Blitz"]
[Site "Chess.com"]
[Date "2020.05.19"]
[Round "8"]
[White "Buffy7"]
[Black "THE_PLAYER6"]
[Result "1-0"]
[WhiteElo "2647"]
[BlackElo "2515"]
[TimeControl "180+1"]
[EndTime "13:35:20 PDT"]
[Termination "Buffy7 won by resignation"]

1. d4 d5 2. Nf3 Nf6 3. c4 e6 4. g3 Be7 5. Bg2 O-O 6. O-O dxc4 7.
Ne5 Nc6 8. Nxc6 bxc6 9. Na3 Bxa3 10. bxa3 Nd5 11. Qd2 Rb8 12. Rd1 c3 13. Qc2 Ba6 14.
e4 Nb6 15. a4 Qd7 16. Ba3 Rfd8 17. Bc5 Rb7 18. a5 Nc4 19. Qxc3 Nb2 20. Rd2 Na4 21. Qa3 Nxc5 22. Qxc5 Rdb8 23. h4 h6 24. e5 Rb1+ 25. Rxb1 Rxb1+ 26. Kh2 Bb5 27. Qxa7 g5 28. a6 Qe7 29. Qb8+ Kg7 30. a7 gxh4 31.
a8=Q hxg3+ 32. fxg3 1-0

[Event "*** Titled Tuesday Blitz"]
[Site "Chess.com"]
[Date "2020.05.19"]
[Round "8"]
[White "archess2"]
[Black "WhiteCapital80"]
[Result "0-1"]
[WhiteElo "2278"]
[BlackElo "2443"]
[TimeControl "180+1"]
[EndTime "13:35:20 PDT"]
[Termination "WhiteCapital80 won by resignation"]

1. d4 e6 2. c4 d5 3. Nc3 Be7 4. cxd5 exd5 5. Bf4 c6 6. e3 Bf5 7. Nge2 Nd7 8. Ng3 Bg6 9. Bd3 Bxd3 10. Qxd3 g5 11. Be5 f6 12. Nh5 fxe5 13. Qf5 Bf6 14. dxe5 Bxe5 15. f4 gxf4 16. exf4 Bxc3+ 17. bxc3 Qe7+ 18. Kd2 O-O-O 19. Rhe1 Qd6 20. Re6 Qc5 21. Rae1 d4 22. Qxc5 Nxc5 23. Re8 dxc3+ 24. Kxc3 Nh6 25. Rxh8 Rxh8 26.
Re7 Kd8 27. Rg7 Nf5 28. Rf7 Nd6 29. Rg7 Nde4+ 30. Kc4 b5+ 31. Kb4 Nd7 32. f5 Rf8 33.
g4 Nef6 34. Nxf6 Nxf6 35. Rxa7 Nxg4 36. Rxh7 Rxf5 37. h3 Nf6 38. Rh8+ Kd7 39. Rh4 Rh5 40. Rd4+ Nd5+ 41. Kc5 Rxh3 0-1

[Event "*** Titled Tuesday Blitz"]
[Site "Chess.com"]
[Date "2020.05.19"]
[Round "8"]
[White "Rodchenkov_Vitalij"]
[Black "Keks2017"]
[Result "0-1"]
[WhiteElo "2386"]
[BlackElo "2518"]
[TimeControl "180+1"]
[EndTime "13:35:22 PDT"]
[Termination "Keks2017 won on time"]

1. d4 d6 2. Nf3 Nf6 3. c4 Nbd7 4. g3 g6 5. Bg2 Bg7 6. O-O O-O 7. Nc3 e5 8. dxe5 dxe5 9. e4 c6 10. Qd6 Ne8 11. Qa3 Nc7 12. Rd1 Ne6 13. Be3 Re8 14. b4 Qc7 15. Qb2 Nb6 16. Bf1 Nd7 17. Rac1 b6 18.
b5 Ndc5 19. bxc6 Qxc6 20. Rd5 Bb7 21. Nxe5 Qc8 22. Nb5 Nxe4 23. Nd6 Nxd6 24. Rxd6 Nc5 25. Bd4 Qf5 26. Re1 Ne4 0-1

[Event "*** Titled Tuesday Blitz"]
[Site "Chess.com"]
[Date "2020.05.19"]
[Round "8"]
[White "MarcoRiehle"]
[Black "viviania"]
[Result "0-1"]
[WhiteElo "2665"]
[BlackElo "2911"]
[TimeControl "180+1"]
[EndTime "13:35:23 PDT"]
[Termination "viviania won by checkmate"]

1. e4 e6 2. c4 d5 3. cxd5 exd5 4. Qb3 dxe4 5. Bc4 Qd7 6. Nh3 Nc6 7. Ng5 Nh6 8. d3 Na5 9. Qc3 Nxc4 10. dxc4 Qf5 11. O-O Bd7 12. Nxe4 O-O-O 13. Ng3 Qg6 14. Be3 Ng4 15.
Bxa7 h5 16. Bd4 h4 17. Ne2 h3 18. Nf4 Qe4 19. g3 Bc6 20. f3 Qxd4+ 21. Qxd4 Rxd4 22.
fxg4 Rxc4 23. Nd3 Rd4 24. Nf2 Bc5 25. Nc3 Rxg4 26. Rac1 Rxg3+ 27. hxg3 h2# 0-1

[Event "*** Titled Tuesday Blitz"]
[Site "Chess.com"]
[Date "2020.05.19"]
[Round "8"]
[White "ElGasanov"]
[Black "Jumbo"]
[Result "0-1"]
[WhiteElo "2750"]
[BlackElo "2874"]
[TimeControl "180+1"]
[EndTime "13:35:24 PDT"]
[Termination "Jumbo won by resignation"]

1. d4 Nf6 2. Nf3 e6 3. c4 d5 4. e3 c6 5. Nc3 Nbd7 6. Be2 Bd6 7. O-O O-O 8. b3 b6 9. Bb2 Bb7 10. Rc1 Qe7 11. Qc2 Rfe8 12. Rfd1 Rac8 13. e4 dxe4 14. Nxe4 Nxe4 15. Qxe4 Nf6 16. Qh4 c5 17. h3 h6 18.
dxc5 Bxc5 19. Bxf6 Qxf6 20. Qxf6 gxf6 21. Rd7 Re7 22.
Rcd1 Rc7 23. Rd8+ Kg7 24. Nd4 a6 25. Bf3 f5 26. Bxb7 Rxb7 27. Nc6 Rec7 28. Ne5 b5 29. cxb5 axb5 30. g3 Ra7 31. R1d2 Bb4 32. Re2 Bc3 33. Nf3 b4 34. Kg2 Ra3 35. g4 fxg4 36.
hxg4 Rca7 37. g5 hxg5 38. Nxg5 Bf6 39. Rd3 Bxg5 40. Rg3 Kf6 41. f4 Bxf4 0-1

[Event "*** Titled Tuesday Blitz"]
[Site "Chess.com"]
[Date "2020.05.19"]
[Round "8"]
[White "sergeikim"]
[Black "mfwagnerpeixoto"]
[Result "0-1"]
[WhiteElo "2367"]
[BlackElo "2238"]
[TimeControl "180+1"]
[EndTime "13:35:25 PDT"]
[Termination "mfwagnerpeixoto won by resignation"]

1. d4 Nf6 2. c4 g6 3. Nc3 Bg7 4. e4 d6 5. Nge2 O-O 6. Ng3 h5 7. Be2 c5 8. d5 h4 9. Nf1 b5 10.
cxb5 a6 11. Ne3 axb5 12. Bxb5 Nxe4 13. Nxe4 Qa5+ 14. Nc3 Bxc3+ 15. bxc3 Qxb5 16. c4 Qb4+ 17. Bd2 Qb2 18. a4 h3 19. g3 Nd7 20. O-O Ne5 21.
f3 Ba6 22. Rb1 Qd4 23. Kh1 Nxc4 24. Nxc4 Bxc4 25. Re1 Qf2 26. Rg1 Be2 0-1

[Event "*** Titled Tuesday Blitz"]
[Site "Chess.com"]
[Date "2020.05.19"]
[Round "8"]
[White "Karina_Ivanova"]
[Black "cfjohansson"]
[Result "0-1"]
[WhiteElo "2194"]
[BlackElo "2360"]
[TimeControl "180+1"]
[EndTime "13:35:25 PDT"]
[Termination "cfjohansson won by resignation"]

1. Nf3 Nf6 2. g3 g6 3. Bg2 Bg7 4. O-O O-O 5. d4 d6 6. c4 Nbd7 7. Nc3 e5 8. e4 c6 9. h3 Qb6 10.
d5 Nc5 11. Ne1 cxd5 12. cxd5 Bd7 13. Nd3 Nxd3 14. Qxd3 Rac8 15. b3 a6 16. Be3 Qa5 17. Rfc1 Nh5 18. Bd2 f5 19. Ne2 Qb5 20. Qxb5 Bxb5 21.
Nc3 Bd7 22. h4 f4 23. Nd1 fxg3 24. f3 Nf4 25. Bf1 g2 26. Bxg2 Ne2+ 27. Kf2 Nxc1 28. Rxc1 Rxc1 29. Bxc1 Rc8 30. Ba3 Rc2+ 31. Kg3 Bh6 32.
f4 Bxf4+ 33. Kf3 h5 34. Nf2 Bg4+ 35. Nxg4 hxg4+ 36. Kxg4 Rxg2+ 0-1

[Event "*** Titled Tuesday Blitz"]
[Site "Chess.com"]
[Date "2020.05.19"]
[Round "8"]
[White "mortngabriel"]
[Black "AEMEffi"]
[Result "1-0"]
[WhiteElo "2451"]
[BlackElo "2295"]
[TimeControl "180+1"]
[EndTime "13:35:27 PDT"]
[Termination "mortngabriel won by resignation"]

1. e4 e5 2. Nc3 Nf6 3. Bc4 Nc6 4. f4 exf4 5. d4 d5 6. Nxd5 Nxe4 7. Qe2 f5 8. Nf3 Na5 9. O-O Bd6 10. Ne5 c6 11. Qh5+ g6 12. Nxg6 cxd5 13. Ne5+ 1-0

[Event "*** Titled Tuesday Blitz"]
[Site "Chess.com"]
[Date "2020.05.19"]
[Round "8"]
[White "CMS13"]
[Black "S_Kalvaitis"]
[Result "1/2-1/2"]
[WhiteElo "2198"]
[BlackElo "2332"]
[TimeControl "180+1"]
[EndTime "13:35:28 PDT"]
[Termination "Game drawn by repetition"]

1. e4 e5 2. Bc4 Nf6 3. Nc3 Nxe4 4. Qh5 Nd6 5. Qxe5+ Qe7 6. Qxe7+ Bxe7 7. Bb3 c6 8.
d4 Nf5 9. d5 O-O 10. Nf3 Bf6 11. O-O Na6 12. Bf4 d6 13. g4 Nd4 14. Nxd4 Bxd4 15. Bxd6 Rd8 16. Be7 Re8 17. d6 Bxg4 18.
Rfe1 Nc5 19. Kg2 b5 20. f3 Bd7 21. Rad1 Bxc3 22. bxc3 a5 23. a3 Nxb3 24. cxb3 f6 25. Kg3 Kf7 26. Kf4 Ra7 27. h4 h5 28. Re4 Be6 29.
b4 axb4 30. axb4 Bd5 31. Ree1 Rea8 32. Rd2 Rd7 33. Rdd1 Rda7 34. Rd2 Rd7 35. Rdd1 Rda7 1/2-1/2

[Event "*** Titled Tuesday Blitz"]
[Site "Chess.com"]
[Date "2020.05.19"]
[Round "8"]
[White "Everyfishknows"]
[Black "dennisodessa"]
[Result "0-1"]
[WhiteElo "2363"]
[BlackElo "2232"]
[TimeControl "180+1"]
[EndTime "13:35:29 PDT"]
[Termination "dennisodessa won on time"]

1. d4 Nf6 2. c4 e6 3. Nc3 Bb4 4. e3 b6 5. Bd3 Bb7 6. Nf3 O-O 7. O-O Bxc3 8. bxc3 Ne4 9. Qc2 f5 10. Nd2 Nxd2 11. Bxd2 Qh4 12. f3 d6 13. Be1 Qh6 14. e4 fxe4 15. Bxe4 Qe3+ 16. Bf2 Bxe4 17. Qxe4 Qxe4 18. fxe4 Nd7 19. Be3 e5 20. g3 Rfe8 21. d5 Nf6 22. Kg2 Nxe4 23. Rac1 a5 24. Rfe1 Nf6 25.
a4 Rf8 26. Rf1 Rf7 27. h3 Raf8 28. g4 h5 29. g5 Ne4 30. Rfe1 Rf3 31. Bxb6 Rg3+ 32.
Kh2 Rff3 33. Bxc7 Rf2+ 0-1

[Event "*** Titled Tuesday Blitz"]
[Site "Chess.com"]
[Date "2020.05.19"]
[Round "8"]
[White "silverback96"]
[Black "Efremov_Vlad"]
[Result "1-0"]
[WhiteElo "2312"]
[BlackElo "2139"]
[TimeControl "180+1"]
[EndTime "13:35:29 PDT"]
[Termination "silverback96 won by resignation"]

1. e4 c5 2. Nf3 Nc6 3. d4 cxd4 4.
Nxd4 Nf6 5. Nc3 e5 6. Ndb5 d6 7. Bg5 a6 8. Na3 b5 9. Bxf6 gxf6 10. Nd5 Be6 11. c4 Qa5+ 12. Qd2 Bxd5 13. Qxa5 Nxa5 14.
cxd5 Rc8 15. Be2 Bh6 16. O-O Ke7 17. Bg4 Rc5 18. b4 Nc4 19. bxc5 Nxa3 20. c6 Kd8 21. g3 Kc7 22. Bf5 Nc2 23. Rab1 Nd4 24. a4 Rb8 25.
axb5 axb5 26. Ra1 b4 27. Ra7+ Kd8 28. c7+ 1-0

[Event "*** Titled Tuesday Blitz"]
[Site "Chess.com"]
[Date "2020.05.19"]
[Round "8"]
[White "dosto07"]
[Black "Cambek64"]
[Result "0-1"]
[WhiteElo "2135"]
[BlackElo "2330"]
[TimeControl "180+1"]
[EndTime "13:35:30 PDT"]
[Termination "Cambek64 won by resignation"]

1. e4 e6 2. d4 d5 3. Nd2 Nc6 4. Ngf3 Nf6 5. e5 Nd7 6. Bb5 a6 7. Bxc6 bxc6 8. Nb3 c5 9. Bg5 Be7 10. Bxe7 Qxe7 11. dxc5 Nxc5 12. O-O a5 13. Re1 O-O 14. Nxc5 Qxc5 15. Qd4 Qe7 16. a4 c5 17. Qf4 h6 18.
h4 d4 19. h5 Bb7 20. Nh2 Bd5 21. Ra3 f5 22. exf6 Qxf6 23. Qxf6 Rxf6 24. Rg3 Kh7 25. Re5 Rf5 26. Rxf5 exf5 27. Rg6 Rb8 28. b3 d3 29.
cxd3 Rxb3 30. Rd6 Rxd3 31. Nf3 Rd1+ 32. Kh2 Bxf3 0-1

[Event "*** Titled Tuesday Blitz"]
[Site "Chess.com"]
[Date "2020.05.19"]
[Round "8"]
[White "zajka-molotok"]
[Black "chesslh19"]
[Result "1-0"]
[WhiteElo "2325"]
[BlackElo "2170"]
[TimeControl "180+1"]
[EndTime "13:35:30 PDT"]
[Termination "zajka-molotok won by resignation"]

1. e4 e5 2. Nf3 Nf6 3. Nxe5 d6 4. Nf3 Nxe4 5. Bd3 Nf6 6. O-O Be7 7. c3 O-O 8. Bc2 d5 9. d4 Bg4 10. h3 Bh5 11.
Bf4 Nbd7 12. Nbd2 c6 13. Re1 Re8 14. Nf1 Bg6 15. Ng3 Nf8 16. Nf5 Ne6 17. Bg3 Bf8 18. Ne5 Ne4 19. Bxe4 dxe4 20. Ne3 f5 21. Nxg6 hxg6 22.
Be5 Bd6 23. Nc4 Bxe5 24. Nxe5 Qf6 25. Qb3 Re7 26. f3 Kh7 27. fxe4 fxe4 28. Rxe4 Nf4 29.
Rf1 g5 30. Ng4 Qg6 31. Rxe7 Nxh3+ 32. gxh3 Rb8 33. Ne5 Qh5 34. Qc2+ Kg8 35. Rff7 Qxh3 36. Rxg7+ Kf8 37. Qf2+ 1-0

[Event "*** Titled Tuesday Blitz"]
[Site "Chess.com"]
[Date "2020.05.19"]
[Round "8"]
[White "kot60"]
[Black "novocane"]
[Result "1-0"]
[WhiteElo "2364"]
[BlackElo "2207"]
[TimeControl "180+1"]
[EndTime "13:35:31 PDT"]
[Termination "kot60 won by resignation"]

1. e4 c5 2. Nc3 Nc6 3. Bc4 g6 4. d3 Bg7 5. f4 e6 6. f5 exf5 7. Nf3 Nge7 8. O-O h6 9. Kh1 Na5 10. Qe1 Nxc4 11. dxc4 d6 12. Bf4 g5 13. Bg3 f4 14. Bf2 Bg4 15. Rd1 Bxf3 16. gxf3 Qc7 17. Nb5 Qb8 18. Nxd6+ Kf8 19. Bxc5 b6 20. Ba3 Kg8 21. e5 a6 22. Qe4 Ra7 23. e6 f5 24.
Nxf5 Nxf5 25. Qxf5 Qe8 26. Rd7 Rxd7 27. exd7 Qd8 28.
Qe6+ Kh7 29. Be7 Qa8 30. Qe4+ Qxe4 31. fxe4 1-0

[Event "*** Titled Tuesday Blitz"]
[Site "Chess.com"]
[Date "2020.05.19"]
[Round "8"]
[White "LionTheLeon_06"]
[Black "Oleksandr_Bortnyk"]
[Result "0-1"]
[WhiteElo "2683"]
[BlackElo "2975"]
[TimeControl "180+1"]
[EndTime "13:35:32 PDT"]
[Termination "Oleksandr_Bortnyk won on time"]

1. Nf3 Nf6 2. g3 b6 3. Bg2 Bb7 4. c4 g6 5. b3 Bg7 6. Bb2 O-O 7.
O-O e6 8. d4 d5 9. cxd5 exd5 10. Nc3 Nc6 11. Ne5 Ne7 12. Rc1 Re8 13. e3 Nf5 14. Nb5 Re7 15. Ba3 c5 16. Nd3 Ba6 17. Nc3 Ne4 18. Na4 Nxf2 19. Rxf2 Nxe3 20. Qd2 Nxg2 21.
Kxg2 Bxd4 22. Rf3 Qe8 23. Re1 Re4 24. Rff1 Bxd3 25. Qxd3 Rxe1 0-1

[Event "*** Titled Tuesday Blitz"]
[Site "Chess.com"]
[Date "2020.05.19"]
[Round "8"]
[White "yuki_chess123"]
[Black "MariaFominykh"]
[Result "0-1"]
[WhiteElo "2149"]
[BlackElo "2341"]
[TimeControl "180+1"]
[EndTime "13:35:32 PDT"]
[Termination "MariaFominykh won by resignation"]

1. c4 Nf6 2. Nc3 g6 3. d4 Bg7 4. e4 O-O 5. f3 d6 6. Bg5 h6 7.
Be3 c5 8. d5 e6 9. Qd2 Kh7 10.
Nge2 exd5 11. cxd5 Nbd7 12. a4 a6 13. Nd1 Rb8 14.
Nec3 Ne5 15. Be2 Ne8 16. a5 f5 17. O-O Nf6 18. exf5 Bxf5 19. h3 Qe7 20. Nf2 Rbe8 21.
Rfe1 Qf7 22. f4 Ned7 23. g4 Be4 24. g5 hxg5 25. fxg5 Nxd5 26. Ncxe4 Nxe3 27. Qxe3 d5 28. Bg4 dxe4 29. Bxd7 Qxd7 30. Re2 Bd4 31. Qg3 Qf7 32.
Rf1 e3 33. Qh4+ Kg8 0-1